 Dungeon Crawl Stone Soup version 0.30.1-11-g7821555f0a (webtiles) character file.

Game seed: 10642165190049594858

212 Gumption the Poker (level 5, -7/48 HPs)
             Began as a Hill Orc Monk on Nov 13, 2023.
             Was a Believer of Beogh.
             Splashed by a jelly's acid (8 damage)
             ... on level 4 of the Dungeon on Nov 14, 2023.
             The game lasted 00:13:51 (2674 turns).

Gumption the Poker (Hill Orc Monk)                  Turns: 2674, Time: 00:13:54

Health: -7/48      AC:  2    Str: 16    XL:     5   Next: 90%
Magic:  5/5        EV:  8    Int: 10    God:    Beogh [**....]
Gold:   214        SH:  0    Dex: 13    Spells: 4/4 levels left

rFire   . . .        a - +0 spear
rCold   . . .        d - orb {light}
rNeg    . . .        p - +0 chain mail
rPois   .            (no helmet)
rElec   .            (no cloak)
rCorr   .            (no gloves)
SInv    .            s - +0 pair of boots
Will    .....        (no amulet) Stlth
                     (no ring)
HPRegen 0.28/turn    (no ring)
MPRegen 0.09/turn

%: no passive effects
@: corroded, glowing
A: no striking features
a: Renounce Religion, Smiting


You were on level 4 of the Dungeon.
You worshipped Beogh.
Beogh was pleased with you.
You visited 1 branch of the dungeon, and saw 4 of its levels.

You collected 214 gold pieces.

Inventory:

Hand Weapons
 a - a +0 spear (weapon)
 b - a +0 sling
Armour
 d - an orb of light (worn)
 p - a +0 chain mail (worn)
 s - a +0 pair of boots (worn)
Scrolls
 e - 6 scrolls of identify {unknown}
 h - a scroll of blinking {unknown}
 j - a scroll of fog {unknown}
 l - a scroll of torment {unknown}
 o - a scroll of butterflies {unknown}
 t - a scroll of immolation {unknown}
 u - a scroll of enchant weapon {unknown}
Potions
 c - a potion of ambrosia
 f - a potion of brilliance {unknown}
 g - 2 potions of lignification {unknown}
 i - a potion of might {unknown}
 k - 2 potions of heal wounds {unknown}
 m - a potion of cancellation {unknown}
 n - a potion of mutation {unknown}
 q - 2 potions of magic {unknown}
 r - a potion of attraction {unknown}


   Skills:
 + Level 5.0 Fighting
 * Level 5.3 Polearms
 + Level 2.8 Armour
 - Level 2.4 Dodging


You had 4 spell levels left.
You didn't know any spells.
Your spell library contained the following spells:

 Spells                   Type           Power      Damage    Failure   Level
 Magic Dart               Conj           0%         1d3       99%         1
 Searing Ray              Conj           0%         2d4       100%        2
 Portal Projectile        Hex/Tloc       0%         N/A       100%        3
 Tukima's Dance           Hex            0%         N/A       100%        3
 Fulminant Prism          Conj/Hex       0%         3d5       100%        4
 Blade Hands              Tmut           0%         N/A       100%        5


Dungeon Overview and Level Annotations

Branches:
Dungeon (4/15)
 Temple: D:4-7

Altars:
Trog

Annotations:
D:3 2 transporters


Message History

You enter the shallow water.
Moving in this stuff is going to be slow.
There is a stone staircase leading down here.
You climb downwards.
A jelly comes into view.
Found two books of Callings.
There is a stone staircase leading up here.
There is a stone staircase leading up here.
Reach: a) +0 spear
Press: ? - help, Dir - move target, f - jelly
Aim: a jelly (haloed, about 3% to evade your +0 spear)
You reach to attack!
You hit the jelly but do no damage. You hit the jelly. The acid corrodes you!
Your hands burn!
The jelly is moderately wounded.
You hit the jelly.
Your hands burn!
The jelly is moderately wounded.
The jelly misses you.
You hit the jelly.
Your hands burn!
The jelly is moderately wounded.
The jelly hits you but does no damage.
You hit the jelly but do no damage.
Your hands burn!
The jelly is moderately wounded.
The jelly hits you.
You are splashed with acid!
You hit the jelly.
Your hands burn!
The jelly is heavily wounded.
The jelly hits you but does no damage.
You hit the jelly but do no damage. The acid corrodes you!
Your hands burn!
The jelly is heavily wounded.
The jelly hits you. The acid corrodes you!
You are splashed with acid!
* * * LOW HITPOINT WARNING * * *
You hit the jelly but do no damage.
Your hands burn!
* * * LOW HITPOINT WARNING * * *
The jelly is heavily wounded.
You hit the jelly.
Your hands burn!
* * * LOW HITPOINT WARNING * * *
The jelly is almost dead.
The jelly hits you.
* * * LOW HITPOINT WARNING * * *
You are splashed with acid!
You die...

##g.##...... .........
#...##....... .........
..<.......... #........
.............. .........
..............##...:....
.#............:.....#
###......#####.....#
).....####....J.##
.....## #.....@.# ...##
##......# #....### #....
##..# ###


You could see a jelly.

Vanquished Creatures
  A scorpion (D:3)
  A howler monkey (D:3)
  An orc priest (D:3)
  2 adders (D:3)
  A shadow imp (D:3)
  An ufetubus (D:3)
  A worm (D:3)
  7 orcs (D:3)
  4 ball pythons
  5 endoplasms
  4 goblins
  3 hobgoblins
  3 kobolds
  6 bats
  4 frilled lizards
  4 rats
  A spectral kobold (D:3)
49 creatures vanquished.

Vanquished Creatures (others)
  An orc (D:3)
1 creature vanquished.

Grand Total: 50 creatures vanquished

Notes
Turn   | Place    | Note
-------+----------+-------------------------------------------
     0 | D:1      | Gumption the Hill Orc Monk began the quest for the Orb.
     0 | D:1      | Reached XP level 1. HP: 19/19 MP: 1/1
   111 | D:1      | Reached XP level 2. HP: 27/27 MP: 2/2
   195 | D:1      | Reached skill level 1 in Armour
   460 | D:1      | Reached XP level 3. HP: 29/33 MP: 3/3
  1123 | D:3      | Noticed a scorpion
  1274 | D:3      | Found a transporter.
  1288 | D:3      | Found a transporter.
  1485 | D:3      | Killed a scorpion
  1486 | D:3      | Reached XP level 4. HP: 35/41 MP: 4/4
  1526 | D:3      | Found a faded altar of an unknown god.
  1618 | D:3      | Found a bloodstained altar of Trog.
  1642 | D:3      | Reached XP level 5. HP: 47/47 MP: 5/5
  2295 | D:3      | Became a worshipper of Beogh the Brigand
  2295 | D:3      | Reached * piety under Beogh
  2295 | D:3      | Reached ** piety under Beogh
  2313 | D:3      | Reached skill level 5 in Polearms
  2475 | D:3      | Reached skill level 5 in Fighting
  2674 | D:4      | HP: 2/48 [acid (5)]
  2674 | D:4      | Splashed by a jelly's acid

Illustrated notes

Levels and vault maps discovered:
D:1:      dpeg_arrival_tiny_g, layout_rooms
D:2:      layout_basic, solitary_fountain, minmay_misc_feat_chi
D:3:      gammafunk_steamed_eel, layout_basic,
          mainiacjoe_overflow_six_doors_small,
          dreamdust_ecumenical_altar_drowned_temple
D:4:      layout_cave_pools, nicolae_vehumet_altar_sigil

Skill      XL: |  1  2  3  4  5 |
---------------+----------------+-----
Armour         | 1 2 |  2.8
Fighting       | 4 5 |  5.0
Polearms       | 4 5 |  5.3
Dodging        | |  2.4

Action                     |  1- 3 |  4- 6 || total
---------------------------+-------+-------++-------
  Melee: Spear             |    97 |   105 ||   202
 Invoke: Convert to Beogh  |       |     1 ||     1
 Armour: Ring mail         |     4 |       ||     4
         Robe              |     1 |       ||     1
         Scale mail        |     8 |       ||     8
         Chain mail        |    26 |    36 ||    62
  Dodge: Dodged            |    32 |    30 ||    62
